 Dungeon Crawl Stone Soup version 0.29.0-13-gc9e81de378 (webtiles) character file.

Game seed: 18220838693175196610

154201 Ijustatesigmund the Warrior (level 17, -14/115 HPs)
             Began as a Gargoyle Fighter on Sept 9, 2022.
             Was the Champion of Cheibriados.
             Hit by a silver javelin thrown by a merfolk javelineer (16 damage)
             ... on level 4 of the Shoals on Sept 10, 2022.
             The game lasted 01:41:43 (43863 turns).

Ijustatesigmund the Warrior (Gargoyle Fighter)     Turns: 43863, Time: 01:41:56

Health: -14/115    AC: 46    Str: 37    XL:     17   Next: 62%
Magic:  23/28      EV: 13    Int: 33    God:    Cheibriados [******]
Gold:   1152       SH:  9    Dex: 24    Spells: 15/24 levels left

rFire   . . .      SeeInvis .   V - +7 demon whip (flame)
rCold   . . .      Faith    .   c - +2 buckler "Gojupuc" {rElec}
rNeg    + . .      Spirit   .   X - +5 plate armour of Wygyud {rCorr Int+3}
rPois   ∞          Reflect  .   u - +2 hat
rElec   +          Harm     .   h - +2 cloak
rCorr   +          Rampage  .   (no gloves)
Will    +....                   j - +2 pair of boots
Stlth   ..........              P - amulet of the acrobat
HPRegen 0.29/turn               k - ring of wizardry
MPRegen 0.21/turn               A - +4 ring of protection

@: wereblooded, flying, very slow
A: sickness immunity, AC +12, big wings, negative energy resistance 1,
electricity resistance, torment resistance 1, petrification resistance
a: Renounce Religion, Bend Time, Temporal Distortion, Slouch, Step From Time


You were on level 4 of the Shoals.
You worshipped Cheibriados.
Cheibriados was exalted by your worship.
You visited 5 branches of the dungeon, and saw 27 of its levels.
You also visited: Bailey, Gauntlet and Volcano.

You collected 3038 gold pieces.
You spent 1886 gold pieces at shops.

Inventory:

Hand Weapons
 a - a +2 flail of protection
 n - a +1 flail
 H - a +4 vampiric whip
 V - a +7 demon whip of flaming (weapon)
Missiles
 g - 70 poisoned darts
 m - 2 throwing nets
 y - 5 curare-tipped darts (quivered)
Armour
 b - a +2 chain mail of willpower
 c - the +2 buckler "Gojupuc" (worn) {rElec}
   (You found it on level 14 of the Dungeon)

   rElec:     It insulates you from electricity.
 h - a +2 cloak (worn)
 j - a +2 pair of boots (worn)
 u - a +2 hat (worn)
 X - the +5 plate armour of Wygyud (worn) {rCorr Int+3}
   (You bought it in a shop on level 2 of the Orcish Mines)

   Int:       It affects your intelligence (+3).
   rCorr:     It protects you from acid and corrosion.
Jewellery
 k - a ring of wizardry (left hand)
 x - the ring of Totiuryss {rF+ Will+ Str-4 Stlth+}
   (You took it off a minotaur in a Gauntlet)

   [ring of willpower]

   Str:       It affects your strength (-4).
   rF:        It protects you from fire.
   Will:      It increases your willpower.
   Stlth:     It makes you more stealthy.
 A - a +4 ring of protection (right hand)
 C - a ring of protection from cold
 I - an amulet of faith
 K - a ring of magical power
 O - a ring of ice
 P - an amulet of the acrobat (around neck)
 S - a ring of positive energy
 U - a ring of protection from fire
Wands
 e - a wand of digging (10)
 f - a wand of flame (101)
 r - a wand of charming (12)
 t - a wand of mindburst (6)
 w - a wand of roots (1)
Scrolls
 i - 15 scrolls of identify
 p - 2 scrolls of enchant armour
 q - 3 scrolls of torment
 D - a scroll of silence
 E - 3 scrolls of immolation
 F - 5 scrolls of magic mapping
 L - 2 scrolls of amnesia
 M - 4 scrolls of butterflies
 Q - a scroll of summoning
 T - a scroll of poison
 Y - 2 scrolls of blinking
Potions
 d - 2 potions of might
 l - 7 potions of cancellation
 o - 6 potions of magic
 s - 4 potions of brilliance
 v - 4 potions of mutation
 z - a potion of resistance
 B - a potion of heal wounds
 G - 2 potions of attraction
 J - 3 potions of curing
 N - a potion of ambrosia
Miscellaneous
 R - a condenser vane


   Skills:
 - Level 16.2 Fighting
 - Level 14.0 Maces & Flails
 - Level 1.0 Ranged Weapons
 + Level 12.4 Armour
 + Level 6.3 Dodging
 + Level 8.6 Shields
 - Level 4.1 Spellcasting
 - Level 4.0 Conjurations
 - Level 3.7 Transmutations
 - Level 4.4 Air Magic
 - Level 4.4 Earth Magic
 - Level 4.2 Poison Magic
 + Level 15.6 Invocations
 - Level 7.0 Evocations


You had 15 spell levels left.
You knew the following spells:

 Your Spells              Type           Power      Damage    Failure   Level
a - Poisonous Vapours     Pois/Air       70%        N/A       3%          2
b - Wereblood             Tmut           31%        N/A       4%          2
c - Stone Arrow           Conj/Erth      70%        3d11      6%          3
d - Passwall              Tmut/Erth      27%        N/A       3%          2

Your spell library contained the following spells:

 Spells                   Type           Power      Damage    Failure   Level
 Sandblast                Erth           72%        2d16      1%          1
 Shock                    Conj/Air       100%       1d9       1%          1
 Beastly Appendage        Tmut           62%        N/A       2%          1
 Sting                    Tmut/Pois      100%       1d8       2%          1
 Swiftness                Air            35%        N/A       6%          3
 Airstrike                Air            17%        2d(3-19)  19%         4
 Olgreb's Toxic Radiance  Pois           34%        N/A       21%         4
 Call Canine Familiar     Summ           6%         N/A       32%         3
 Gell's Gravitas          Tloc           6%         N/A       32%         3
 Lesser Beckoning         Tloc           6%         N/A       32%         3
 Portal Projectile        Hex/Tloc       12%        N/A       32%         3
 Teleport Other           Tloc           6%         N/A       32%         3
 Animate Armour           Summ/Erth      42%        N/A       41%         4
 Leda's Liquefaction      Hex/Erth       10%        N/A       41%         4
 Fulminant Prism          Conj/Hex       10%        3d9       43%         4
 Iskenderun's Mystic Bla  Conj/Tloc      20%        2d6       43%         4
 Lee's Rapid Deconstruct  Erth           18%        3d12*     43%         5
 Blade Hands              Tmut           15%        N/A       52%         5
 Freezing Cloud           Conj/Ice/Air   12%        6-21      65%         5
 Silence                  Hex/Air        10%        N/A       75%         5
 Iron Shot                Conj/Erth      17%        9d4       95%         6
 Summon Hydra             Summ           3%         N/A       100%        7
 Chain Lightning          Conj/Air       17%        3d22      100%        9
 Sublimation of Blood     Necr           Unusable   N/A       N/A         2

Dungeon Overview and Level Annotations

Branches:
Dungeon (15/15)            Temple (1/1) D:4            Lair (5/5) D:11
 Shoals (4/4) Lair:2        Snake (0/4) Lair:2        Slime (0/5) Lair:4
    Orc (2/2) D:12            Elf (0/3) Orc:2        Vaults (0/5) D:14
 Depths (0/4) D:15         Bailey (visited)         Volcano (visited)
Gauntlet (visited)

Altars:
Ashenzari
Cheibriados
Dithmenos
Elyvilon
Fedhas
Gozag
Hepliaklqana
Kikubaaqudgha
Makhleb
Nemelex Xobeh
Okawaru
Qazlal
Ru
Sif Muna
Trog
Uskayaw
Vehumet
Wu Jian
Xom
Yredelemnul
Zin
The Shining One

Shops:
D:11 =   D:13 !   Orc:2 (:[*

Annotations:
D:4 1 runed translucent door, paps's ghost, novice OpDe
D:7 2 transporters, Artool's ghost, novice DsGl
D:11 2 transporters, Ordine's ghost, journeyman SpEn
D:15 Roxanne


Innate Abilities, Weirdness & Mutations

You are immune to sickness and miasma.
Your stone body is resilient. (AC +12)
You are immune to poison.
Your large and strong wings let you fly.
You resist negative energy. (rN+)
You are resistant to electric shocks. (rElec)
You are resistant to unholy torment.
You are immune to petrification.


Message History

The merfolk javelineer throws a silver javelin.
The silver javelin misses you.
The merfolk javelineer throws a javelin.
The javelin pierces through you!
The merfolk javelineer throws a silver javelin.
The silver javelin misses you.
The merfolk javelineer throws a silver javelin.
The silver javelin closely misses you.
The merfolk javelineer throws a javelin.
The javelin completely misses you.
Items here: ( ) [ †.
You thrash the merfolk javelineer!! You burn the merfolk javelineer.
The merfolk javelineer is heavily wounded.
The merfolk javelineer throws a silver javelin.
The silver javelin pierces through you but does no damage.
The merfolk javelineer throws a silver javelin.
The silver javelin barely misses you.
The merfolk javelineer throws a javelin.
The javelin pierces through you but does no damage.
You hit the merfolk javelineer. You burn the merfolk javelineer.
The merfolk javelineer is heavily wounded.
You hit the merfolk javelineer. You burn the merfolk javelineer.
The merfolk javelineer is severely wounded.
The merfolk javelineer throws a silver javelin.
The silver javelin pierces through you!
* * * LOW HITPOINT WARNING * * *
x2 The merfolk javelineer throws a silver javelin.
The silver javelin pierces through you.
* * * LOW HITPOINT WARNING * * *
x2 The merfolk javelineer throws a javelin.
The javelin pierces through you!
* * * LOW HITPOINT WARNING * * *
You miss the merfolk javelineer.
The merfolk javelineer is severely wounded.
The merfolk javelineer throws a silver javelin.
The silver javelin pierces through you.
* * * LOW HITPOINT WARNING * * *
x2 The merfolk javelineer throws a silver javelin.
The silver javelin pierces through you!
You die...

###~~~~~~~~~~~~~~≈≈≈≈≈≈≈≈≈≈≈≈≈≈≈#
#.P~P≈≈~~..~~~~~≈≈≈≈≈≈≈≈≈≈≈≈≈≈≈≈
##.~~~≈≈≈...~~~~≈~~~≈≈≈≈≈≈≈≈≈≈≈≈≈
#...~~≈≈~........~~~~≈≈≈≈≈≈≈≈≈≈≈≈
.....~~~...........~~~~≈≈≈≈≈≈≈≈≈≈
......~~~~..#####...~~~~~≈≈≈≈≈≈≈≈
~~P~P~~≈≈≈.##...##...~~~~~~#####≈
P~~~~≈≈≈≈~.#...m†#...~~~~~**,,,##
.~~~.~≈~~~~#..φ.@)....~~~.*,,,,,#
..~~..~~~≈~#...mm#....~~..+,,,,,#
..~~...P...##...##~.......*,,,,,#
~~.......#######*~~~......#*,,,##
~.......## *,,,,~~~........#####≈
~PP....## *,,,,~...........~≈≈≈≈
.P~..### *,,,,...........~~≈≈≈≈
...### *,,,,~.....~~~.~~≈≈≈≈≈
...##*** ***,,,,...~~~~~~~~≈≈≈≈≈


You could see 3 merfolk javelineers.

Vanquished Creatures
  Jorgrun (Shoals:3)
  Gastronok (Lair:2)
  Polyphemus (Shoals:2)
  An orc warlord (Orc:1)
  A stone giant (Volcano)
  A minotaur (Gauntlet)
  4 merfolk javelineers
  7 merfolk impalers
  7 hydras
  A jorogumo (shapeshifter) (D:15)
  6 merfolk avatars
  3 boulder beetles
  A quicksilver dragon skeleton (D:15)
  A vault guard (D:14)
  An ogre mage (D:15)
  5 merfolk aquamancers
  A catoblepas (Shoals:2)
  7 centaur warriors
  2 death knights (D:14)
  5 two-headed ogres
  2 tengu warriors (D:15)
  5 death yaks
  A satyr (Shoals:4)
  2 orc high priests
  Nergalle (Lair:3)
  A sixfirhy (Gauntlet)
  A skeletal warrior (D:15)
  11 sea snakes
  A wizard (D:15)
  A flayed ghost (D:15)
  A deep elf archer (Orc:1)
  29 harpies
  4 orc knights
  4 deep elf pyromancers
  A sphinx zombie (D:15)
  A necromancer (D:15)
  4 orc sorcerers
  7 fauns
  11 ugly things
  24 manticores
  A wolf spider (D:15)
  10 cyclopes
  4 black mambas
  12 merfolk sirens
  5 elephants
  A frost giant skeleton (D:15)
  2 water nymphs
  A molten gargoyle (Volcano)
  A torpor snail (Gauntlet)
  3 gargoyles
  13 cane toads
  A cane toad (shapeshifter) (D:12)
  2 unseen horrors
  A kobold demonologist (D:13)
  A freezing wraith (D:13)
  2 rime drakes
  2 komodo dragons
  3 efreet
  A guardian mummy (D:15)
  A burning bush (Lair:5)
  5 polar bears
  5 trolls
  38 merfolk
  A polar bear (shapeshifter) (D:15)
  5 hornets (Lair:5)
  A meliai (D:15)
  5 wind drakes
  6 snapping turtles
  10 slime creatures
  9 blink frogs
  A snapping turtle (shapeshifter) (D:13)
  12 dream sheep
  An ettin zombie (D:15)
  3 flying skulls (Gauntlet)
  Sigmund (D:2)
  4 wyverns
  A spriggan (shapeshifter) (D:14)
  13 water elementals
  6 fire bats (Volcano)
  3 shadows
  A ynoxinul (Gauntlet)
  A fire elemental (Volcano)
  A vampire (D:12)
  5 wraiths
  44 yaks
  Grum (D:11)
  13 spriggans
  3 basilisks
  A steam dragon (D:6)
  3 vampire mosquitoes (D:15)
  4 wargs (Orc:1)
  An acid dragon (D:11)
  A naga (Lair:2)
  24 orc warriors
  5 water moccasins
  2 sky beasts
  4 black bears
  3 ice beasts
  37 wolves
  6 ogres
  3 boggarts (Lair:5)
  4 centaurs
  A phantom (D:5)
  5 bullfrogs
  6 kobold brigands
  2 scorpions
  2 gnoll sergeants
  2 earth elementals (Volcano)
  3 necrophages
  3 wights (D:8)
  6 killer bees (D:10)
  6 howler monkeys
  An electric eel (Lair:2)
  6 lava snakes (Volcano)
  2 hounds
  2 jellies
  13 orc priests
  2 iron imps (Gauntlet)
  4 iguanas
  15 orc wizards
  Ijyb (D:5)
  12 gnolls
  9 adders
  A white imp (D:7)
  3 ufetubi (Gauntlet)
  2 worms (D:2)
  A dart slug (D:5)
  75 orcs
  2 ball pythons
  7 endoplasms
  3 giant cockroaches
  12 goblins
  8 hobgoblins
  3 jackals
  22 kobolds
  2 quokkas (D:1)
  3 bats
  6 frilled lizards
  6 rats
792 creatures vanquished.

Vanquished Creatures (collateral kills)
  A death knight (D:13)
  A skeletal warrior (D:13)
  A cyclops (D:15)
  A black mamba (shapeshifter) (D:15)
  An eye of devastation (shapeshifter) (D:15)
  3 orc warriors (Bailey)
  A killer bee (D:10)
  An orc priest (Orc:2)
  6 orcs (Bailey)
16 creatures vanquished.

Vanquished Creatures (others)
  An orc knight (Orc:2)
  A merfolk (Shoals:3)
  An orc warrior (Bailey)
  A killer bee (D:10)
  A white imp (D:7)
  A bush (Lair:1)
  29 fungi
  107 plants
  6 withered plants (D:15)
148 creatures vanquished.

Grand Total: 956 creatures vanquished

Notes
Turn   | Place    | Note
-------+----------+-------------------------------------------
     0 | D:1      | Ijustatesigmund the Gargoyle Fighter began the quest for
                  | the Orb.
     0 | D:1      | Reached XP level 1. HP: 14/14 MP: 1/1
   414 | D:1      | Reached XP level 2. HP: 19/19 MP: 2/2
  1067 | D:2      | Reached XP level 3. HP: 24/24 MP: 3/3
  1097 | D:2      | Reached skill level 4 in Fighting
  1681 | D:2      | Reached XP level 4. HP: 28/30 MP: 4/4
  1719 | D:2      | Noticed Sigmund
  1734 | D:2      | Killed Sigmund
  1735 | D:2      | Reached skill level 5 in Fighting
  1735 | D:2      | Reached XP level 5. HP: 13/35 MP: 5/5
  2362 | D:2      | Found a faded altar of an unknown god.
  2627 | D:3      | Reached XP level 6. HP: 38/41 MP: 6/6
  2882 | D:3      | Found a radiant altar of Vehumet.
  3108 | D:4      | Reached skill level 6 in Fighting
  3150 | D:4      | Reached skill level 5 in Maces & Flails
  3286 | D:4      | Noticed a water moccasin
  3305 | D:4      | Killed a water moccasin
  3306 | D:4      | Reached XP level 7. HP: 37/47 MP: 7/7
  3788 | D:4      | Noticed an angel
  3789 | D:4      | Found a glowing silver altar of Zin.
  3797 | D:4      | Found a runed translucent door.
  3799 | D:4      | Noticed paps's ghost (novice OpDe)
  4077 | D:4      | Found a staircase to the Ecumenical Temple.
  4207 | Temple   | Entered the Ecumenical Temple
  4409 | Temple   | Became a worshipper of Cheibriados the Contemplative
  4511 | D:5      | Entered Level 5 of the Dungeon
  4599 | D:5      | Reached skill level 1 in Dodging
  4646 | D:5      | Reached skill level 1 in Invocations
  5027 | D:5      | Reached skill level 7 in Fighting
  5027 | D:5      | Reached XP level 8. HP: 53/53 MP: 7/9
  5066 | D:5      | Noticed Ijyb
  5487 | D:5      | Killed Ijyb
  6198 | D:6      | Reached skill level 1 in Ranged Weapons
  6255 | D:6      | Reached * piety under Cheibriados
  6421 | D:6      | Noticed a wyvern
  6429 | D:6      | Killed a wyvern
  6430 | D:6      | Reached skill level 5 in Armour
  6626 | D:6      | HP: 1/54 [something (10)]
  6627 | D:6      | Reached XP level 9. HP: 1/59 MP: 11/11
  7043 | D:6      | Learned a level 2 spell: Poisonous Vapours
  7365 | D:7      | Found a transporter.
  7366 | D:7      | Noticed Artool's ghost (novice DsGl)
  7367 | D:7      | Identified the +0 great mace "Seasod" {vamp, MP+9 Stlth+}
  7373 | D:7      | Found a transporter.
  7382 | D:7      | Found a burning altar of Makhleb.
  7411 | D:7      | Reached skill level 8 in Fighting
  7487 | D:7      | Reached skill level 1 in Poison Magic
  7489 | D:7      | Reached skill level 1 in Air Magic
  7736 | D:7      | Found a flagged portal.
  7743 | D:7      | Reached ** piety under Cheibriados
  7753 | Bailey   | Entered a bailey
  8083 | Bailey   | Reached skill level 1 in Evocations
  8220 | Bailey   | Reached skill level 5 in Invocations
  8225 | Bailey   | Reached *** piety under Cheibriados
  8351 | Bailey   | Noticed an orc knight
  8363 | Bailey   | Killed an orc knight
  8364 | Bailey   | Reached XP level 10. HP: 42/64 MP: 14/14
  9477 | D:8      | Found a hide-covered altar of Uskayaw.
 10202 | D:8      | Found a sacrificial altar of Ru.
 10317 | D:8      | Found a sparkling altar of Nemelex Xobeh.
 10764 | D:9      | Noticed a two-headed ogre
 10785 | D:9      | Killed a two-headed ogre
 10983 | D:9      | Reached skill level 9 in Fighting
 11026 | D:9      | Reached **** piety under Cheibriados
 12223 | D:10     | Entered Level 10 of the Dungeon
 12290 | D:10     | Reached XP level 11. HP: 67/71 MP: 16/16
 12417 | D:10     | Found a glowing golden altar of the Shining One.
 12659 | D:10     | Found a stormy altar of Qazlal.
 12663 | D:10     | Found a blossoming altar of Fedhas.
 13561 | D:11     | Reached ***** piety under Cheibriados
 13712 | D:11     | Noticed a manticore
 13723 | D:11     | Killed a manticore
 13724 | D:11     | Reached skill level 10 in Fighting
 13724 | D:11     | Reached skill level 5 in Shields
 14079 | D:11     | Found a staircase to the Lair.
 14309 | D:11     | Found Roproweg's Jewellery Shop.
 14340 | D:11     | Noticed Grum
 14340 | D:11     | Noticed a cyclops
 14355 | D:11     | Killed Grum
 14745 | D:11     | Bought a +4 ring of protection for 504 gold pieces
 14758 | D:11     | Killed a cyclops
 14875 | D:11     | Noticed a red ugly thing
 14940 | D:11     | Found a transporter.
 14943 | D:11     | Noticed a tengu warrior
 14950 | D:11     | Identified the +6 sling of Extremism {vorpal, rElec rC-
                  | Int+2 SInv}
 14952 | D:11     | Found a transporter.
 14953 | D:11     | Noticed a two-headed ogre
 14953 | D:11     | Noticed Ordine's ghost (journeyman SpEn)
 14956 | D:11     | Found a bloodstained altar of Trog.
 14956 | D:11     | Noticed a moth of wrath
 14969 | D:11     | Noticed a two-headed ogre
 15124 | D:11     | Killed a red ugly thing
 15348 | D:12     | Noticed a two-headed ogre
 15357 | D:12     | Killed a two-headed ogre
 15746 | D:12     | Found a staircase to the Orcish Mines.
 15879 | D:12     | Noticed an eight-headed hydra
 15890 | D:12     | Killed an eight-headed hydra
 15891 | D:12     | Reached XP level 12. HP: 26/79 MP: 18/18
 16119 | D:12     | Noticed a four-headed hydra
 16128 | D:12     | Killed a four-headed hydra
 17093 | D:12     | Noticed a boulder beetle
 17103 | D:12     | Killed a boulder beetle
 17409 | D:12     | Reached skill level 11 in Fighting
 17808 | D:13     | Found Qustuih's Distillery.
 17885 | D:13     | Reached skill level 10 in Maces & Flails
 17981 | D:13     | Noticed a death knight
 18006 | D:13     | Killed a death knight
 18007 | D:13     | Reached skill level 10 in Invocations
 18036 | D:13     | Reached ****** piety under Cheibriados
 18494 | D:13     | Noticed an eight-headed hydra
 18504 | D:13     | Killed an eight-headed hydra
 18888 | D:13     | Noticed a centaur warrior
 19086 | D:13     | Killed a centaur warrior
 19383 | D:13     | Bought 2 potions of might for 104 gold pieces
 19383 | D:13     | Bought a potion of heal wounds for 65 gold pieces
 19383 | D:13     | Bought a potion of berserk rage for 65 gold pieces
 19770 | D:13     | Noticed a boulder beetle
 19775 | D:13     | Killed a boulder beetle
 19776 | D:13     | Reached XP level 13. HP: 85/85 MP: 20/20
 20429 | D:14     | Reached skill level 12 in Fighting
 20704 | D:14     | Reached skill level 5 in Evocations
 20820 | D:14     | Found a gate to the Vaults.
 20820 | D:14     | Noticed a vault guard
 20834 | D:14     | Killed a vault guard
 21793 | D:14     | Identified the +2 buckler "Gojupuc" {rElec}
 21922 | D:14     | Identified the +0 robe "Gahomys" {rF+}
 21960 | D:15     | Entered Level 15 of the Dungeon
 22157 | D:15     | Noticed Roxanne
 23414 | D:15     | Reached skill level 13 in Fighting
 23668 | Lair:1   | Entered Level 1 of the Lair of Beasts
 23916 | Lair:1   | Gained mutation: Your large and strong wings let you fly.
                  | [Gargoyle growth]
 23916 | Lair:1   | Reached XP level 14. HP: 92/94 MP: 23/23
 24768 | Lair:2   | Noticed Gastronok
 24781 | Lair:2   | Killed Gastronok
 24831 | Lair:2   | Found a staircase to the Shoals.
 25096 | Lair:2   | Found a staircase to the Snake Pit.
 25097 | Lair:2   | You are sucked into a shaft and drop 2 floors!
 25169 | Lair:4   | Found a gate leading to a gauntlet.
 25179 | Gauntlet | Entered a Gauntlet
 25179 | Gauntlet | Found a transporter.
 25179 | Gauntlet | Found a transporter.
 25179 | Gauntlet | Found a transporter.
 25179 | Gauntlet | Found a transporter.
 25586 | Gauntlet | Found a transporter.
 25588 | Gauntlet | Found a transporter.
 25842 | Gauntlet | Found a transporter.
 25843 | Gauntlet | Found a transporter.
 25906 | Gauntlet | Found a transporter.
 25933 | Gauntlet | Found a transporter.
 26026 | Gauntlet | Found a transporter.
 26030 | Gauntlet | Identified the +4 war axe "Yfisig" {holy, SInv}
 26030 | Gauntlet | Identified the ring of Totiuryss {rF+ Will+ Str-4 Stlth+}
 26191 | Gauntlet | Got the Octavo of the Transformed Lungs
 27363 | Lair:3   | Noticed Nergalle
 27371 | Lair:3   | Killed Nergalle
 27880 | Lair:3   | Reached skill level 1 in Spellcasting
 27956 | Lair:3   | Reached skill level 14 in Fighting
 28408 | Lair:4   | Found a staircase to the Slime Pits.
 28895 | Lair:5   | Entered Level 5 of the Lair of Beasts
 29081 | Lair:5   | Reached XP level 15. HP: 99/101 MP: 24/24
 29868 | Lair:5   | Reached skill level 15 in Fighting
 30810 | Orc:1    | Entered Level 1 of the Orcish Mines
 30840 | Orc:1    | Found a dark tunnel.
 30851 | Volcano  | Entered a volcano
 31095 | Volcano  | Found a radiant altar of Vehumet.
 32029 | Orc:1    | Paralysed by an orc sorcerer for 4 turns
 32092 | Orc:1    | Learned a level 2 spell: Wereblood
 32148 | Orc:1    | Noticed an orc warlord
 32154 | Orc:1    | Paralysed by an orc sorcerer for 3 turns
 32701 | Orc:1    | Killed an orc warlord
 32702 | Orc:1    | Reached skill level 1 in Transmutations
 32815 | Orc:2    | Entered Level 2 of the Orcish Mines
 33156 | Orc:2    | Paralysed by an orc sorcerer for 4 turns
 33174 | Orc:2    | Noticed an orc warlord
 33712 | Orc:2    | Found a staircase to the Elven Halls.
 34039 | Orc:2    | Found Fuojutze's Book Boutique.
 34134 | Orc:2    | Found Dezuh's General Store.
 34140 | Orc:2    | Bought a scroll of enchant armour for 90 gold pieces
 34140 | Orc:2    | Bought a scroll of fear for 48 gold pieces
 34140 | Orc:2    | Bought a scroll of silence for 114 gold pieces
 34149 | Orc:2    | Found Xebbuyla's Antique Armour Boutique.
 34156 | Orc:2    | Bought a heavily runed plate armour for 896 gold pieces
 34156 | Orc:2    | Identified the +5 plate armour of Wygyud {rCorr Int+3} (You
                  | bought it in a shop on level 2 of the Orcish Mines)
 34179 | Orc:2    | Found Musof's Antique Weapon Boutique.
 34513 | D:15     | Found a staircase to the Depths.
 34891 | D:15     | Reached skill level 10 in Armour
 34953 | D:15     | Found an ancient bone altar of Kikubaaqudgha.
 35377 | D:15     | Reached XP level 16. HP: 76/109 MP: 26/26
 36087 | Shoals:1 | Entered Level 1 of the Shoals
 36112 | Shoals:1 | Learned a level 3 spell: Stone Arrow
 36314 | Shoals:1 | Reached skill level 1 in Conjurations
 36314 | Shoals:1 | Reached skill level 1 in Earth Magic
 38343 | Shoals:2 | Noticed Polyphemus
 38961 | Shoals:2 | Reached skill level 16 in Fighting
 39581 | Shoals:2 | Killed Polyphemus
 40014 | Shoals:3 | HP: 5/110 [merfolk/+0 trident[a merfolk impaler] (5)]
 40797 | Shoals:3 | Noticed Jorgrun
 40816 | Shoals:4 | Entered Level 4 of the Shoals
 41108 | Shoals:3 | Learned a level 2 spell: Passwall
 41202 | Shoals:3 | Reached XP level 17. HP: 115/115 MP: 28/28
 41209 | Shoals:3 | Reached skill level 5 in Dodging
 41339 | Shoals:3 | Reached skill level 15 in Invocations
 41365 | Shoals:3 | Killed Jorgrun
 42785 | Shoals:4 | Identified the +3 glaive "Kytoci" {elec, Int+4}
 43283 | Shoals:4 | Identified the ring of Goteotihai {EV+4 Dex+4 Stlth-}
 43863 | Shoals:4 | HP: 4/115 [merfolk javelineer/silver javelin (5)]
 43863 | Shoals:4 | Hit by a silver javelin thrown by a merfolk javelineer

Illustrated notes

Levels and vault maps discovered:
D:1:      dpeg_arrival_tiny_c, layout_loops_corners
D:2:      layout_basic, shapermc_ecumenical_altar_mp_vishouse, minmay_ruptured,
          uniq_sigmund
D:3:      layout_rooms, fiery_altar_vehumet
D:4:      layout_loops_ring, zin_angel, minmay_temple_entry_proselytizer,
          ebering_ghost_inner_flame, grunt_ministairs_12, minmay_curled_crystal
D:5:      layout_layer_cave, uniq_ijyb
D:6:      layout_basic, minmay_misc_feat_diagonals
D:7:      layout_basic, bloody_makhleb, enter_bailey_5, gammafunk_ghost_smash
D:8:      cheibrodos_quashed, layout_loops_ring, mainiacjoe_overflow_catwalk,
          nemelex_spade_bored_becter, nicolae_ru_great_annihilating_truth
D:9:      layout_layer_cave
D:10:     layout_basic, grunt_temple_overflow_open,
          nicolae_qazlal_general_emergency
D:11:     layout_long_grid, lair_entry_dummy, serial_shops,
          nicolae_stop_n_shop_1, gammafunk_ghost_wrathful_warriors, uniq_grum
D:12:     layout_gridville, minmay_orc_entry_temple_small
D:13:     layout_basic, serial_shops, nicolae_shop_statue_plus
D:14:     layout_loops_ring, david_vaults_5, minmay_tree_intersection
D:15:     gammafunk_depths_entry_grave, layout_stronghold,
          kiku_gazebo_pond_becter, hangedman_glass_teeth, minivault_28,
          uniq_roxanne
Temple:   nicolae_temple_bog_church
Lair:1:   layout_big_grid, grunt_forest_large_clearing_hut, lemuel_fruit_tree
Lair:2:   wander_river, layout_chaotic_city, elwin_shoals_entry_rocks,
          minmay_snake_entry_guardpost_small, serial_bayou_shore_b,
          uniq_gastronok
Lair:3:   layout_roguey, uniq_nergalle
Lair:4:   layout_misc_corridors, slime_entry_1, gauntlet_entry_generic,
          grunt_megastairs_4
Lair:5:   minmay_lair_end_enchanted_forest, layout_regular_city, evilmike_ambush
          [evilmike_ambush_outer_pillars, evilmike_ambush_inner_basic]
Shoals:1: layout_shoals, nicolae_shoals_so_close
Shoals:2: layout_shoals, uniq_polyphemus
Shoals:3: layout_shoals, nicolae_shoals_water_booths, uniq_jorgrun
Shoals:4: shoals_end_simple, layout_shoals
Orc:1:    layout_diamond_mine, lightli_volcano_entry_magma_tube, elf_legates
Orc:2:    grunt_orc_cross, layout_caves

Skill      XL: |  1  2  3  4  5  6  7  8  9 10 11 12 13 14 15 16 17 |
---------------+----------------------------------------------------+-----
Fighting       | 4 5 6 7 8 9 10 11 13 14 15 16 | 16.2
Maces & Flails | 3 4 5 6 7 8 9 10 11 12 13 14 | 14.0
Dodging        | 1 2 4 6 |  6.3
Invocations    | 1 3 6 7 9 10 12 13 14 15 | 15.6
Armour         | 4 5 7 8 10 11 12 | 12.4
Ranged Weapons | 1 |  1.0
Poison Magic   | 1 3 4 |  4.2
Air Magic      | 1 2 4 |  4.4
Evocations     | 3 4 6 7 |  7.0
Shields        | 6 8 |  8.6
Spellcasting   | 3 4 |  4.1
Transmutations | 2 3 |  3.7
Conjurations   | 4 |  4.0
Earth Magic    | 4 |  4.4

Action                   |  1- 3 |  4- 6 |  7- 9 | 10-12 | 13-15 | 16-18 || total
-------------------------+-------+-------+-------+-------+-------+-------++-------
Melee: Flail             |    87 |    92 |   290 |   695 |  1701 |   559 ||  3424
       Demon whip        |       |       |       |       |       |   380 ||   380
Throw: Dart              |       |       |    14 |    29 |     7 |     1 ||    51
 Cast: Poisonous Vapours |       |       |       |       |    39 |   117 ||   156
       Stone Arrow       |       |       |       |       |       |    15 ||    15
       Wereblood         |       |       |       |       |       |    13 ||    13
       Passwall          |       |       |       |       |       |     3 ||     3
Invok: Bend Time         |       |       |       |     1 |       |       ||     1
       Slouch            |       |       |       |     1 |     8 |     2 ||    11
       Step From Time    |       |       |       |       |       |     3 ||     3
Evoke: Wand              |       |       |    15 |    23 |    15 |     5 ||    58
  Use: Scroll            |     5 |     5 |    10 |    15 |    12 |    16 ||    63
       Potion            |       |     2 |     5 |     6 |     7 |     5 ||    25
 Stab: Distracted        |       |       |     1 |       |       |       ||     1
       Betrayed ally     |       |       |     1 |       |       |       ||     1
       Invisible         |       |       |       |     1 |     4 |       ||     5
       Paralysed         |       |       |       |     1 |       |       ||     1
       Petrified         |       |       |       |       |       |    10 ||    10
       Sleeping          |       |       |       |       |       |     2 ||     2
Armor: Scale mail        |    31 |    47 |    59 |       |       |       ||   137
       Chain mail        |       |       |   137 |   494 |   741 |       ||  1372
       Plate armour      |       |       |       |       |   289 |   710 ||   999
Dodge: Dodged            |    31 |    51 |   185 |   326 |   861 |   709 ||  2163
Block: Buckler           |    16 |    21 |    88 |   279 |   780 |   509 ||  1693
